 Dungeon Crawl Stone Soup version 0.31-a0-208-gdb31a4691d (webtiles) character file.

Game seed: 4162852206218053005

1363 Anon1729 the Trooper (level 8, -8/71 HPs)
             Began as a Minotaur Monk on June 28, 2023.
             Was an Elder of Uskayaw.
             Mangled by an ogre
             ... wielding a +0 giant club
              (32 damage)
             ... on level 5 of the Dungeon.
             The game lasted 00:01:49 (3284 turns).

Anon1729 the Trooper (Minotaur Monk)                Turns: 3284, Time: 00:01:50

Health: -8/71      AC:  2    Str: 16    XL:     8   Next: 38%
Magic:  0/10       EV: 14    Int:  7    God:    Uskayaw [****..]
Gold:   288        SH:  0    Dex: 15    Spells: 7/7 levels left

rFire   . . .        n - +2 dagger (elec)
rCold   + . .        d - orb {light}
rNeg    . . .        b - +0 robe
rPois   .            (helmet restricted)
rElec   .            k - scarf {shadows}
rCorr   .            (no gloves)
SInv    +            (no boots)
Will    .....        j - amulet of guardian spirit
Stlth   +            m - ring of see invisible
HPRegen 0.31/turn    u - ring of protection from cold
MPRegen 0.12/turn

%: guardian spirit
@: weakened, glowing
A: horns 2, retaliatory headbutt
a: Renounce Religion, Stomp, Line Pass


You were on level 5 of the Dungeon.
You worshipped Uskayaw.
Uskayaw was noncommittal.
You visited 1 branch of the dungeon, and saw 5 of its levels.

You collected 288 gold pieces.

Inventory:

Hand Weapons
 a - a +0 short sword
 n - a +2 dagger of electrocution (weapon)
Missiles
 p - 4 curare-tipped darts
Armour
 b - a +0 robe (worn)
 d - an orb of light (worn)
 k - a scarf of shadows (worn)
Jewellery
 j - an amulet of guardian spirit (around neck)
 m - a ring of see invisible (left hand)
 u - a ring of protection from cold (right hand)
 w - a ring of ice
Scrolls
 f - a scroll of immolation {unknown}
 g - a scroll of noise {unknown}
 h - 2 scrolls of enchant weapon {unknown}
 i - 3 scrolls of identify {unknown}
 l - a scroll of brand weapon {unknown}
 r - a scroll of vulnerability {unknown}
 s - a scroll of teleportation {unknown}
 t - a scroll of amnesia {unknown}
 x - a scroll of torment {unknown}
Potions
 c - 2 potions of ambrosia
 e - a potion of brilliance {unknown}
 o - a potion of curing {unknown}
 q - a potion of lignification {unknown}
 v - a potion of heal wounds {unknown}
 z - a potion of haste


   Skills:
 + Level 6.5 Fighting
 + Level 6.0 Short Blades
 + Level 5.2 Armour
 + Level 6.0 Dodging
 + Level 4.3 Invocations


You had 7 spell levels left.
You didn't know any spells.
Your spell library contained the following spells:

 Spells                   Type           Power      Damage    Failure   Level
 Ensorcelled Hibernation  Hex/Ice        0%         N/A       56%         2
 Spider Form              Tmut/Pois      0%         N/A       80%         3
 Anguish                  Hex/Necr       0%         N/A       99%         4


Dungeon Overview and Level Annotations

Branches:
Dungeon (5/15)             Temple (0/1) D:5

Altars:
Uskayaw
Wu Jian

Annotations:
D:3 1 transporter, Anon1729's ghost, amateur MiMo


Innate Abilities, Weirdness & Mutations

You have a pair of horns on your head.
You reflexively headbutt those who attack you in melee.


Message History

The hound barely misses you. You furiously retaliate!
You headbutt the hound. The gnoll hits you with a +0 club.
You hit the hound. Lightning courses through the hound!
You kill the hound!
The gnoll completely misses you.
You hit the gnoll but do no damage. The gnoll misses you.
You completely miss the gnoll.
You headbutt the gnoll, but do no damage.
The gnoll closely misses you. The gnoll hits you with a +0 flail!
The gnoll closely misses you.
You are too injured to fight recklessly!
You are too injured to fight recklessly!
You are too injured to fight recklessly!
You are too injured to fight recklessly!
You are too injured to fight recklessly!
You are too injured to fight recklessly!
You are too injured to fight recklessly!
You are too injured to fight recklessly!
You are too injured to fight recklessly!
You are too injured to fight recklessly!
You are too injured to fight recklessly!
You are too injured to fight recklessly!
You are too injured to fight recklessly!
You are too injured to fight recklessly!
You are too injured to fight recklessly!
You are too injured to fight recklessly!
You stomp with the beat, sending a shockwave through the revellers around you!
The gnoll is heavily wounded.
The gnoll is severely wounded.
The ogre is moderately wounded.
The gnoll is severely wounded.
You can no longer merge with and destroy a victim.
The gnoll barely misses you. The gnoll closely misses you.
You furiously retaliate!
You headbutt the gnoll.
The gnoll hits you from afar with a +0 halberd!
The gnoll bouda gazes fiercely through you!
You feel as though you will be weak longer.
The gnoll closely misses you. You furiously retaliate!
You headbutt the gnoll.
The ogre hits you with a +0 giant club!!
You die...

.... ###### ..
##.....##..... .....
#.>...........
.....#####....#...♣♣...
..............#...♣♣..#
.......[.....#........#
...........†.#.........
.....gg).....#..##.._..
.....S@†..)).#..##.....
....#ggO)))..#.........
....g......)..#....≈≈..
###..........#....≈§..
##..........#.......
#...........##.....
#.............#####
............... #
.##........##.. #


You could see an ogre, a gnoll bouda, 4 gnolls and an adder.

Vanquished Creatures
  Pikel (D:5)
  Sigmund (D:2)
  3 lemures (D:5)
  A phantom (D:4)
  3 scorpions
  3 hounds
  2 orc priests (D:4)
  Jessica (D:2)
  2 sleepcaps (D:4)
  Terence (D:2)
  An iguana (D:4)
  Natasha (D:3)
  An orc wizard (D:4)
  7 adders
  A white imp (D:4)
  5 worms
  A dart slug (D:4)
  9 orcs
  6 endoplasms
  2 giant cockroaches
  9 goblins
  5 hobgoblins
  7 jackals
  6 kobolds
  A quokka (D:4)
  9 ball pythons
  7 bats
  4 frilled lizards
  3 rats
103 creatures vanquished.

Notes
Turn   | Place    | Note
-------+----------+-------------------------------------------
     0 | D:1      | Anon1729 the Minotaur Monk began the quest for the Orb.
     0 | D:1      | Reached XP level 1. HP: 19/19 MP: 0/0
    98 | D:1      | Reached XP level 2. HP: 5/27 MP: 1/1
   486 | D:1      | Reached skill level 1 in Armour
   775 | D:2      | Noticed Terence
   785 | D:2      | Killed Terence
   786 | D:2      | Reached skill level 1 in Invocations
   786 | D:2      | Reached XP level 3. HP: 9/33 MP: 2/2
  1080 | D:2      | Found a faded altar of an unknown god.
  1135 | D:2      | Reached XP level 4. HP: 28/40 MP: 2/4
  1248 | D:2      | Noticed Jessica
  1250 | D:2      | Found an ornate altar of the Wu Jian Council.
  1259 | D:2      | Killed Jessica
  1446 | D:2      | Reached XP level 5. HP: 27/47 MP: 3/5
  1566 | D:2      | Noticed Sigmund
  1580 | D:2      | Killed Sigmund
  1581 | D:2      | Reached XP level 6. HP: 28/55 MP: 3/6
  2056 | D:3      | Found a transporter.
  2063 | D:3      | Noticed Anon1729's ghost (amateur MiMo)
  2197 | D:3      | Reached skill level 5 in Fighting
  2250 | D:3      | Noticed Natasha
  2254 | D:3      | Killed Natasha
  2527 | D:4      | Found a hide-covered altar of Uskayaw.
  2543 | D:4      | Reached XP level 7. HP: 54/61 MP: 8/8
  2547 | D:4      | Became a worshipper of Uskayaw the Reveller
  2547 | D:4      | Reached * piety under Uskayaw
  2554 | D:4      | Reached ** piety under Uskayaw
  2560 | D:4      | Reached *** piety under Uskayaw
  2709 | D:4      | Reached skill level 5 in Dodging
  2714 | D:4      | Reached skill level 5 in Short Blades
  2754 | D:4      | Reached **** piety under Uskayaw
  2763 | D:4      | Reached ***** piety under Uskayaw
  3200 | D:5      | Entered Level 5 of the Dungeon
  3203 | D:5      | Found a staircase to the Ecumenical Temple.
  3221 | D:5      | Found an ornate altar of the Wu Jian Council.
  3261 | D:5      | Noticed Pikel
  3269 | D:5      | Killed Pikel
  3270 | D:5      | Reached skill level 5 in Armour
  3270 | D:5      | Reached XP level 8. HP: 47/71 MP: 8/10
  3284 | D:5      | Mangled by an ogre

Illustrated notes

Levels and vault maps discovered:
D:1:      roderic_chinese_lattice_arrival, layout_basic
D:2:      minmay_recursive_quarters, layout_rooms, basic_altar,
          ebering_ecumenical_altar_petrified, uniq_sigmund, uniq_terence,
          uniq_jessica
D:3:      layout_basic, gammafunk_ghost_smash, serial_rivers,
          chequers_serial_rivers_micro_b, chequers_serial_rivers_marsh,
          chequers_serial_rivers_micro_e, chequers_serial_rivers_micro_d,
          chequers_serial_rivers_small_a, uniq_natasha
D:4:      layout_cave_pools, lemuel_crystal_altar, st_stairs_6
D:5:      layout_rooms, nicolae_wu_jian_wuxing_cycle,
          minmay_temple_entry_glassed_door, minmay_shop_damaged,
          nicolae_fountain_basement, uniq_pikel

Skill      XL: |  1  2  3  4  5  6  7 |
---------------+----------------------+-----
Armour         | 1 2 3 5 |  5.2
Fighting       | 4 5 6 |  6.5
Invocations    | 1 2 3 4 |  4.3
Short Blades   | 4 6 |  6.0
Dodging        | 4 6 |  6.0

Action                     |  1- 3 |  4- 6 |  7- 9 || total
---------------------------+-------+-------+-------++-------
  Melee: Short sword       |    69 |    39 |       ||   108
         Headbutt          |    15 |    22 |    22 ||    59
         Dagger            |       |    53 |    88 ||   141
 Invoke: Stomp             |       |       |     1 ||     1
   Stab: Paralysed         |       |       |     4 ||     4
 Armour: Robe              |    12 |     4 |     3 ||    19
  Dodge: Dodged            |    43 |    53 |    67 ||   163

Table legend: (Time is in decaauts)
 A = Elapsed time spent in this place.
 B = Non-inter-level travel time spent in this place.
 C = Inter-level travel time spent in this place.
 D = Time resting spent in this place.
 E = Time spent auto-exploring this place.
 F = Levels seen in this place.
 G = Mean time per level.
                   A        B        C        D        E       F      G
               +--------+--------+--------+--------+--------+-----+--------+
         Total |   3238 |   3106 |    132 |    197 |   2425 |   5 |  647.6 |
       Dungeon |   3238 |   3106 |    132 |    197 |   2425 |   5 |  647.6 |
               +--------+--------+--------+--------+--------+-----+--------+

Top non-repeatable levels by time:
     D:2: 1072 daAuts
     D:1: 716 daAuts
     D:4: 708 daAuts
     D:3: 665 daAuts
     D:5: 76 daAuts
